 Dungeon Crawl Stone Soup version 0.30.0-18-gc0e69614cb (webtiles) character file.

Game seed: 13797408188946403988

8785 awetw34twert the Cleaver (level 11, -8/130 HPs)
             Began as a Demonspawn Berserker on May 24, 2023.
             Was a Priest of Lugonu.
             Mangled by an ogre
             ... wielding a +0 giant club
             ... created by the rage of Trog
              (22 damage)
             ... on level 9 of the Dungeon.
             The game lasted 01:09:36 (8653 turns).

awetw34twert the Cleaver (Demonspawn Berserker)     Turns: 8653, Time: 01:09:37

Health: -8/130     AC: 25    Str: 23    XL:     11   Next: 14%
Magic:  17/17      EV:  2    Int:  8    God:    Lugonu [***...]
Gold:   633        SH:  0    Dex: 12    Spells: 10/10 levels left

rFire   + . .        A - +5 hand axe (distort)
rCold   . . .        (no shield)
rNeg    . . .        o - melded +3 scale mail of Weightlessness {rPois Str+3 Int+3}
rPois   +            L - melded +0 helmet
rElec   .            D - melded +0 cloak
rCorr   .            i - melded +1 pair of gloves
SInv    .            G - melded +0 pair of boots
Will    .....        H - amulet of the acrobat
Stlth   +            l - ring of protection from fire
HPRegen 0.41/turn    (no ring)
MPRegen 0.30/turn

%: acrobat
@: tree-form
A: stationary, stasis, torment immunity, boosted hp, (yellow scales 2), ignite
blood 1, magic regeneration, (weakness stinger 2)
a: Renounce Religion, Depart the Abyss, Banish


You were on level 9 of the Dungeon.
You worshipped Lugonu.
Lugonu was most pleased with you.
You were a tree.
You visited 1 branch of the dungeon, and saw 9 of its levels.
You visited the Abyss 1 time.
You also visited: Ossuary.

You collected 633 gold pieces.

Inventory:

Hand Weapons
 A - a +5 hand axe of distortion (weapon)
Missiles
 k - 2 boomerangs of dispersal (quivered)
 B - a throwing net
Armour
 i - a +1 pair of gloves (melded)
 o - the +3 scale mail of Weightlessness (melded) {rPois Str+3 Int+3}
   (You found it on level 2 of the Dungeon)

   Str:       It affects your strength (+3).
   Int:       It affects your intelligence (+3).
   rPois:     It protects you from poison.
 D - a +0 cloak (melded)
 F - +2 acid dragon scales
 G - a +0 pair of boots (melded)
 L - a +0 helmet (melded)
Jewellery
 h - an amulet of regeneration
 l - a ring of protection from fire (left branch)
 v - an amulet of guardian spirit
 y - an amulet of faith
 H - an amulet of the acrobat (around neck)
Wands
 a - a wand of paralysis (10)
 b - a wand of polymorph (15)
 u - a wand of digging (4)
 E - a wand of light (6)
 J - a wand of roots (5)
Scrolls
 c - 7 scrolls of teleportation
 d - 3 scrolls of fog
 n - 2 scrolls of brand weapon {unknown}
 q - a scroll of fear {unknown}
 r - 2 scrolls of enchant armour
 s - 3 scrolls of magic mapping
 t - 3 scrolls of vulnerability
 x - a scroll of torment
 O - a scroll of butterflies {unknown}
Potions
 e - 4 potions of heal wounds {unknown}
 f - 5 potions of brilliance {unknown}
 g - 3 potions of haste
 j - 6 potions of curing
 m - 4 potions of flight {unknown}
 p - 2 potions of lignification
 w - a potion of invisibility {unknown}
 z - 2 potions of cancellation {unknown}
 I - 3 potions of attraction
 K - 2 potions of berserk rage {unknown}
 N - a potion of might {unknown}
Miscellaneous
 M - a tin of tremorstones (1/2)


   Skills:
 - Level 8.9 Fighting
 * Level 12.8 Axes
 - Level 1.7 Armour
 - Level 1.7 Dodging
 - Level 9.0 Invocations


You had 10 spell levels left.
You didn't know any spells.
Your spell library contained the following spells:

 Spells                   Type           Power      Damage    Failure   Level
 Sting                    Tmut/Pois      0%         1d3       41%         1
 Poisonous Vapours        Pois/Air       0%         N/A       54%         2
 Olgreb's Toxic Radiance  Pois           0%         N/A       99%         4


Dungeon Overview and Level Annotations

Branches:
Dungeon (9/15)             Temple (0/1) D:4            Lair (0/5) D:8
Ossuary (visited)
    Orc: D:9-12

Altars:
Dithmenos
Gozag
Qazlal
Trog
Uskayaw
Vehumet
Xom


Innate Abilities, Weirdness & Mutations

You are a tree.
Your roots penetrate the ground, keeping you stationary.
You cannot be teleported.
You are immune to unholy pain and torment.
Your maximum health is greatly increased.
Your equipment is partially melded.
((You are mostly covered in yellow scales. (AC +3)))
Your demonic aura sometimes causes spilled blood to erupt in flames.
You regenerate magic rapidly.
((You have a tail ending in a sharp stinger.))


Message History

The polar bear blinks!
The polar bear rages.
You slash the ogre! You tail-slap the ogre.
The ogre is heavily wounded.
The ogre hits you with a +0 giant club!!
You slash the ogre!
Space warps around the ogre.
The ogre is severely wounded.
The ogre hits you with a +0 giant club!
You bump into the rock wall.
You feel less confused. The polar bear bites you!
The polar bear barely misses you.
The polar bear claws you but does no damage.
The polar bear bites you!
* * * LOW HITPOINT WARNING * * *
The polar bear claws you but does no damage.
The polar bear claws you.
* * * LOW HITPOINT WARNING * * *
The ogre misses you.
Really quaff the potion of lignification?
You turn into a tree.
Your +0 cloak melds into your body.
Your +0 helmet melds into your body.
Your +1 pair of gloves melds into your body.
Your +0 pair of boots melds into your body.
The +3 scale mail of Weightlessness {rPois Str+3 Int+3} melds into your body.
Your roots penetrate the ground.
The polar bear bites you.
* * * LOW HITPOINT WARNING * * *
The polar bear claws you but does no damage. x2
The ogre hits you but does no damage.
Okay, then.
Unknown command.
Okay, then.
The tremorstone explodes into fragments!
The polar bear completely misses you.
The polar bear claws you but does no damage. x2
The polar bear bites you!
* * * LOW HITPOINT WARNING * * *
The polar bear claws you but does no damage.
The polar bear completely misses you.
The ogre hits you with a +0 giant club!!
You die...

# #.# #.########## #≈≈#...#≈≈...
# #.# #.# #≈≈#.[.#≈≈... # #.#
#.########## #≈#######≈.#.
###.###..........# #≈##≈≈≈##≈.##
..............##.####≈≈≈≈≈≈≈≈≈.##
###.###..###.#.#.#...).##..<...##
#.# #..##.###.....)...)......##
#.# #....## ##h.§######.....###
#.####.##.###.♣#.# ##.......
#..........#.#O#§# ##.#####
######.####..#.#.# ####### #.#
#......###########... #.#
##.................##
#.#######.###############
#.........# ###########


You could see a polar bear (berserk) and an ogre (berserk).

Vanquished Creatures
  A two-headed ogre (D:8)
  A cyclops (D:9)
  Maggie (D:6)
  2 polar bears
  2 hornets
  2 wraiths (Ossuary)
  2 yaks (D:8)
  A wyvern (D:6)
  2 steam dragons (D:8)
  Edmund (D:5)
  A water moccasin (D:6)
  3 orc warriors
  An ice beast (D:6)
  3 black bears
  3 centaurs
  3 ogres
  Blork the orc (D:5)
  4 kobold brigands
  6 bullfrogs
  4 scorpions
  16 wights
  11 killer bees
  An electric eel (D:8)
  2 howler monkeys
  2 hounds (D:6)
  5 orc priests
  Crazy Yiuf (D:5)
  2 sleepcaps
  7 iguanas
  8 orc wizards
  12 gnolls
  6 adders
  2 shadow imps
  A white imp (D:6)
  3 ufetubi
  An adder zombie (Ossuary)
  22 orcs
  3 bats
  9 endoplasms
  6 giant cockroaches
  7 goblins
  6 hobgoblins
  6 jackals
  23 kobolds
  4 ball pythons
  A ball python skeleton (Ossuary)
  2 frilled lizards
  2 hobgoblin skeletons (Ossuary)
  A kobold zombie (Ossuary)
  2 orc zombies (Ossuary)
  4 rats (D:1)
222 creatures vanquished.

Notes
Turn   | Place    | Note
-------+----------+-------------------------------------------
     0 | D:1      | awetw34twert the Demonspawn Berserker began the quest for
                  | the Orb.
     0 | D:1      | Reached XP level 1. HP: 18/18 MP: 1/1
   204 | D:1      | Gained mutation: You regenerate magic rapidly. [demonic
                  | ancestry]
   204 | D:1      | Reached XP level 2. HP: 19/24 MP: 2/2
   695 | D:2      | Reached ** piety under Trog
   698 | D:2      | Gained mutation: Your demonic aura sometimes causes spilled
                  | blood to erupt in flames. [demonic ancestry]
   698 | D:2      | Reached XP level 3. HP: 30/30 MP: 3/3
  1119 | D:2      | Identified the +3 scale mail of Weightlessness {rPois Str+3
                  | Int+3}
  1477 | D:3      | Gained mutation: You are partially covered in yellow
                  | scales. (AC +2) [demonic ancestry]
  1477 | D:3      | Reached XP level 4. HP: 38/38 MP: 4/4
  1531 | D:3      | Reached skill level 5 in Fighting
  1856 | D:3      | Found a faded altar of an unknown god.
  1889 | D:3      | Reached XP level 5. HP: 46/46 MP: 5/5
  2376 | D:4      | Found a sand-covered staircase.
  2381 | Ossuary  | Entered an ossuary
  2444 | Ossuary  | Reached XP level 6. HP: 33/53 MP: 6/6
  2497 | Ossuary  | Reached *** piety under Trog
  2540 | Ossuary  | Noticed a flying skull
  2540 | Ossuary  | Noticed a wraith
  2547 | Ossuary  | Noticed a flying skull
  2553 | Ossuary  | Noticed a flying skull
  2624 | Ossuary  | Noticed a flying skull
  2632 | Ossuary  | Noticed a flying skull
  2633 | Ossuary  | Noticed a wraith
  2654 | Ossuary  | Killed a wraith
  2655 | Ossuary  | Gained mutation: You have a small tail. [demonic ancestry]
  2655 | Ossuary  | Reached XP level 7. HP: 39/62 MP: 7/7
  2680 | Ossuary  | Noticed a wraith
  2694 | Ossuary  | Killed a wraith
  2738 | Abyss:1  | Found a corrupted altar of Lugonu.
  2738 | Abyss:1  | Cast into level 1 of the Abyss (wight)
  2741 | Abyss:1  | Fell from the grace of Trog
  2741 | Abyss:1  | Became a worshipper of Lugonu the Unformed
  2741 | Abyss:1  | Reached * piety under Lugonu
  2741 | Abyss:1  | Reached ** piety under Lugonu
  2794 | Abyss:1  | Noticed an ancient zyme
  2798 | Ossuary  | Escaped the Abyss
  2815 | Ossuary  | Reached skill level 1 in Invocations
  2892 | D:4      | Found a staircase to the Ecumenical Temple.
  3007 | D:4      | Found a bloodstained altar of Trog.
  3035 | D:4      | Reached skill level 3 in Axes
  3290 | D:5      | Entered Level 5 of the Dungeon
  3345 | D:5      | Reached skill level 4 in Axes
  3345 | D:5      | Gained mutation: You have a tail ending in a sharp stinger.
                  | [demonic ancestry]
  3345 | D:5      | Reached XP level 8. HP: 50/70 MP: 8/10
  3607 | D:5      | Noticed Blork the orc
  3617 | D:5      | Killed Blork the orc
  3618 | D:5      | Reached skill level 5 in Axes
  3618 | D:5      | Reached skill level 5 in Invocations
  3690 | D:5      | Noticed Edmund
  3697 | D:5      | Killed Edmund
  3821 | D:5      | Identified the +6 whip of the Bruised Suns {elec, rPois
                  | rF+}
  3880 | D:5      | Found a runed translucent door.
  3880 | D:5      | Noticed Crazy Yiuf
  3892 | D:5      | Killed Crazy Yiuf
  3959 | D:5      | Banished a polar bear
  4371 | D:6      | Reached skill level 6 in Axes
  4412 | D:6      | Found an opulent altar of Gozag.
  4654 | D:6      | Gained mutation: You are mostly covered in yellow scales.
                  | (AC +3) [demonic ancestry]
  4654 | D:6      | Reached XP level 9. HP: 68/75 MP: 13/13
  4713 | D:6      | Reached skill level 7 in Axes
  4730 | D:6      | Found a shimmering altar of Xom.
  4734 | D:6      | Noticed Maggie
  4749 | D:6      | Killed Maggie
  4871 | D:6      | Reached skill level 8 in Axes
  4876 | D:6      | Paralysed by Trog for 7 turns
  5238 | D:7      | Reached skill level 9 in Axes
  5243 | D:7      | Banished a polar bear
  5244 | D:7      | Noticed a two-headed ogre
  5245 | D:7      | HP: 2/75 [two-headed ogre/+0 giant club[the rage of Trog]
                  | (23)]
  5246 | D:7      | Banished a two-headed ogre
  5479 | D:7      | Banished a polar bear
  5479 | D:7      | Banished a polar bear
  5480 | D:7      | Noticed a polar bear
  5486 | D:7      | Reached *** piety under Lugonu
  5487 | D:7      | Reached skill level 10 in Axes
  5497 | D:7      | Killed a polar bear
  5502 | D:7      | Reached XP level 10. HP: 63/81 MP: 11/15
  6023 | D:8      | Banished a two-headed ogre
  6362 | D:8      | Found a staircase to the Lair.
  6419 | D:8      | Reached skill level 11 in Axes
  6577 | D:8      | Paralysed by a hornet for 3 turns
  6901 | D:8      | Noticed a two-headed ogre
  6910 | D:8      | Killed a two-headed ogre
  7608 | D:8      | Noticed a cyclops
  7624 | D:8      | Banished a cyclops
  7625 | D:8      | Reached skill level 12 in Axes
  7798 | D:9      | Noticed a two-headed ogre
  7805 | D:9      | Banished a two-headed ogre
  7806 | D:9      | Reached XP level 11. HP: 87/87 MP: 17/17
  8149 | D:9      | Found a hide-covered altar of Uskayaw.
  8487 | D:9      | Found a stormy altar of Qazlal.
  8490 | D:9      | Found a radiant altar of Vehumet.
  8494 | D:9      | Found a shadowy altar of Dithmenos.
  8642 | D:9      | Banished a two-headed ogre
  8653 | D:9      | Mangled by an ogre

Illustrated notes

Levels and vault maps discovered:
D:1:      dpeg_arrival_arbitrary_a, layout_rooms, lexackson_kobold_supper
D:2:      layout_basic
D:3:      layout_loops_ring, shapermc_ecumenical_altar_venn
D:4:      layout_cave_pools, mainiacjoe_overflow_boulevard,
          minmay_temple_entry_wispy, enter_ossuary_2,
          chequers_serial_rivers_small_b, hangedman_decor_opposing
D:5:      kennysheep_big_flooded_room, layout_basic, uniq_crazy_yiuf_cottage,
          uniq_edmund, uniq_blork_the_orc
D:6:      nicolae_cairo_tiling_large, layout_basic,
          nicolae_gozag_cash_rules_everything_around_me,
          mainiacjoe_overflow_brackets, kennysheep_generic_room_7, uniq_maggie
D:7:      layout_basic
D:8:      wad_river_or_something, layout_basic, elyvilon_altar_3,
          lair_entry_dummy, minivault_19, chequers_garden, minmay_misc_feat_iff,
          kennysheep_island_fort
D:9:      layout_loops_ring, mainiacjoe_overflow_tiny_flanked,
          grunt_temple_overflow_diamond, lightli_minifort

Skill      XL: |  1  2  3  4  5  6  7  8  9 10 |
---------------+-------------------------------+-----
Fighting       | 4 5 7 8 |  8.9
Invocations    | 3 6 9 |  9.0
Axes           | 4 6 10 12 | 12.8
Armour         | |  1.7
Dodging        | |  1.7

Action                     |  1- 3 |  4- 6 |  7- 9 | 10-12 || total
---------------------------+-------+-------+-------+-------++-------
  Melee: Hand axe          |    97 |   173 |   201 |   209 ||   680
         Mace              |       |    21 |    14 |       ||    35
         Short sword       |       |       |    18 |       ||    18
         Tailslap          |       |       |    25 |    25 ||    50
         Punch             |       |       |     4 |     5 ||     9
 Invoke: Berserk           |     1 |       |       |       ||     1
         Trog's Hand       |       |     1 |       |       ||     1
         Depart the Abyss  |       |       |     1 |       ||     1
         Banish            |       |       |     5 |     4 ||     9
  Evoke: Wand              |       |       |     7 |     5 ||    12
         Tin of tremorston |       |       |       |     1 ||     1
    Use: Scroll            |       |     6 |     6 |     5 ||    17
         Potion            |       |       |       |     5 ||     5
   Stab: Sleeping          |     1 |       |       |       ||     1
         Paralysed         |       |       |     9 |     5 ||    14
 Armour: Animal skin       |    10 |       |       |       ||    10
         Scale mail        |     8 |   108 |   101 |   103 ||   320
         Leather armour    |     2 |       |       |       ||     2
         Skin              |       |       |       |     6 ||     6
  Dodge: Dodged            |    47 |   107 |   107 |   108 ||   369
